 Dungeon Crawl Stone Soup version 0.30-a0-845-g7c6808c8ce (webtiles) character file.

Game seed: 10030460264140137890

1185 Demosthentine the Poker (level 8, -2/55 (62) HPs)
             Began as a Demonspawn Gladiator on Mar 3, 2023.
             Was an Initiate of Gozag.
             Slain by a wight
             ... wielding a +0 flail
              (8 damage)
             ... on level 6 of the Dungeon.
             The game lasted 00:07:24 (5737 turns).

Demosthentine the Poker (Demonspawn Gladiator)      Turns: 5737, Time: 00:07:24

HP:   -2/55 (62)    AC:  5    Str: 14    XL:     8   Next: 19%
MP:   17/17         EV: 19    Int: 10    God:    Gozag
Gold: 481           SH:  5    Dex: 17    Spells: 7/7 levels left

rFire   . . .      SeeInvis .    a - +1 trident
rCold   . . .      Faith    .    (no shield)
rNeg    . . .      Spirit   .    b - +0 leather armour
rPois   +          Reflect  +    c - +0 helmet
rElec   .          Rampage  .    q - +0 cloak {rPois}
rCorr   .                        (no gloves)
Will    .....                    (no boots)
Stlth   +                        g - amulet of reflection
HPRegen 0.29/turn                j - ring of magical power
MPRegen 0.15/turn                (no ring)

@: brilliant, agile, heavily drained, invisible
A: powered by pain 2, sturdy frame 1, no potion heal 1, MP-powered wands
a: Renounce Religion, Potion Petition, Call Merchant, Bribe Branch


You were on level 6 of the Dungeon.
You worshipped Gozag.
Gozag was aware of your devotion.
You visited 2 branches of the dungeon, and saw 7 of its levels.

You collected 586 gold pieces.
You spent 13 gold pieces at shops.
You paid 92 gold pieces to Gozag.

Inventory:

Hand Weapons
 a - a +1 trident (weapon)
Missiles
 e - a javelin (quivered)
Armour
 b - a +0 leather armour (worn)
 c - a +0 helmet (worn)
 q - a +0 cloak of poison resistance (worn)
Jewellery
 g - an amulet of reflection (around neck)
 i - a +5 ring of evasion
 j - a ring of magical power (left hand)
 m - an amulet of the acrobat
 o - a ring of willpower
Scrolls
 f - 2 scrolls of enchant weapon
Potions
 k - a potion of cancellation
 l - a potion of ambrosia
 p - 2 potions of might
 r - a potion of lignification
 s - a potion of mutation


   Skills:
 + Level 5.1 Fighting
 + Level 5.2 Polearms
 - Level 1.7 Throwing
 + Level 4.2 Armour
 + Level 5.2 Dodging


You had 7 spell levels left.
You didn't know any spells.
Your spell library contained the following spells:

 Spells                   Type           Power      Damage    Failure   Level
 Magic Dart               Conj           0%         1d3       36%         1
 Call Imp                 Summ           0%         N/A       52%         2
 Cigotuvi's Dreadful Rot  Necr/Pois/Air  0%         N/A       52%         2
 Lesser Beckoning         Tloc           0%         N/A       52%         2
 Searing Ray              Conj           0%         2d4       52%         2
 Gell's Gravitas          Tloc           0%         N/A       75%         3
 Hailstorm                Conj/Ice       0%         3d3       75%         3
 Ignite Poison            Fire/Tmut/Pois 0%         N/A       75%         3
 Kindle Blastsparks       Fire/Tloc/Air  0%         2d10      75%         3
 Mephitic Cloud           Conj/Pois/Air  0%         N/A       75%         3
 Teleport Other           Tloc           0%         N/A       75%         3
 Dispel Undead            Necr           0%         3d6       98%         4
 Fulminant Prism          Conj/Hex       0%         3d5       98%         4
 Ice Form                 Ice/Tmut       0%         N/A       98%         4
 Freezing Cloud           Conj/Ice/Air   0%         6-21      100%        5
 Death Channel            Necr           0%         N/A       100%        6
 Simulacrum               Ice/Necr       Unusable   N/A       N/A         6

Dungeon Overview and Level Annotations

Branches:
Dungeon (6/15)             Temple (1/1) D:4

Altars:
Ashenzari
Dithmenos
Gozag
Makhleb
Nemelex Xobeh
Okawaru
Qazlal
Sif Muna
Uskayaw
Vehumet
Wu Jian
Xom
Yredelemnul

Shops:
D:1 !   D:2 :

Annotations:
D:5 1 transporter


Innate Abilities, Weirdness & Mutations

You sometimes gain power by taking damage.
Your movements are slightly less encumbered by armour. (ER -2)
Potions are less effective at restoring your health.
You expend magic power (3 MP) to strengthen your wands.


Message History

* * * LOW HITPOINT WARNING * * *
The wight hits you with a +0 flail.
* * * LOW HITPOINT WARNING * * *
It was a potion of mutation.
You feel extremely strange.
Your system partially rejects the healing effects of potions.
You feel your magical essence link to the dungeon's wands.
You hear some strange, mumbled words.
Something tries to affect you, but you resist.
The wight completely misses you.
It was a potion of invisibility.
You fade into invisibility!
Something hits you but does no damage. You block the wight's attack.
It was a potion of brilliance.
You feel clever all of a sudden.
You hear some strange, mumbled words.
A puff of flame appears from out of thin air!
The puff of flame hits you.
* * * LOW HITPOINT WARNING * * *
The wight closely misses you.
It was a potion of magic.
Magic courses through your body.
You hear some strange, mumbled words.
A puff of flame appears from out of thin air!
The puff of flame misses you.
The puff of flame hits the wight.
You block the wight's attack.
You hit something but do no damage. Something hits you but does no damage.
The wight misses you.
You barely miss something. Something barely misses you.
The wight closely misses you.
You hit something. Something closely misses you. You block the wight's attack.
You miss something. Something hits you but does no damage.
You block the wight's attack.
You closely miss something.
You hear some strange, mumbled words.
A puff of flame appears from out of thin air!
The puff of flame misses you.
The puff of flame hits the wight!
You block the wight's attack.
You closely miss something. Something closely misses you.
The wight hits you with a +0 flail!
You die...
Your body crumbles into a pile of gold. ## .#.>.############# ..........############# ... .

You could see 2 wights and an orc (unable to see you).

Vanquished Creatures
  A water moccasin (D:5)
  An ogre (D:6)
  A black bear (D:6)
  2 scorpions
  Blork the orc (D:4)
  A vampire bat (D:3)
  An orc priest (D:6)
  Crazy Yiuf (D:4)
  4 hounds
  5 jellies
  2 iguanas (D:4)
  An orc wizard (D:6)
  4 gnolls
  6 adders
  2 ufetubi
  3 dart slugs
  3 fire bats (D:3)
  10 orcs
  2 spectral bats (D:3)
  14 bats
  3 bat skeletons (D:3)
  A bat zombie (D:3)
  8 endoplasms
  3 giant cockroaches (D:1)
  7 goblins
  10 hobgoblins
  3 jackals (D:4)
  8 kobolds
  4 quokkas
  8 ball pythons
  A bat simulacrum (D:3)
  4 frilled lizards (D:1)
  3 rats
128 creatures vanquished.

Notes
Turn   | Place    | Note
-------+----------+-------------------------------------------
     0 | D:1      | Demosthentine the Demonspawn Gladiator began the quest for
                  | the Orb.
     0 | D:1      | Reached XP level 1. HP: 16/16 MP: 1/1
    93 | D:1      | Gained mutation: You sometimes gain a little power by
                  | taking damage. [demonic ancestry]
    93 | D:1      | Reached XP level 2. HP: 9/22 MP: 2/2
   303 | D:1      | Reached skill level 1 in Armour
   410 | D:1      | Gained mutation: Your movements are slightly less
                  | encumbered by armour. (ER -2) [demonic ancestry]
   410 | D:1      | Reached XP level 3. HP: 28/28 MP: 3/3
   579 | D:1      | Found Oreufal's Distillery.
   590 | D:1      | Bought a potion of degeneration for 13 gold pieces
  1090 | D:2      | Found Zuihyt's Vocational Training.
  1434 | D:2      | Found a basalt altar of Yredelemnul.
  1583 | D:2      | Reached XP level 4. HP: 34/34 MP: 4/4
  2008 | D:3      | Found a faded altar of an unknown god.
  2057 | D:3      | You fall into a shaft and drop 3 floors!
  2062 | D:6      | Noticed an ogre
  2085 | D:6      | Killed an ogre
  2086 | D:6      | Gained mutation: You sometimes gain power by taking damage.
                  | [demonic ancestry]
  2086 | D:6      | Reached XP level 5. HP: 41/41 MP: 5/5
  2107 | D:6      | Noticed a black bear
  2119 | D:6      | Killed a black bear
  2120 | D:6      | Reached XP level 6. HP: 27/48 MP: 6/6
  2127 | D:5      | Entered Level 5 of the Dungeon
  2391 | D:4      | Found a staircase to the Ecumenical Temple.
  2422 | Temple   | Entered the Ecumenical Temple
  2671 | Temple   | Became a worshipper of Gozag Ym Sagoz the Greedy
  2686 | D:4      | Noticed Blork the orc
  2699 | D:4      | Killed Blork the orc
  2700 | D:4      | Reached XP level 7. HP: 31/54 MP: 7/7
  3193 | D:4      | Found a runed translucent door.
  3194 | D:4      | Noticed Crazy Yiuf
  3298 | D:4      | Killed Crazy Yiuf
  4269 | D:5      | Found a shadowy altar of Dithmenos.
  4569 | D:5      | Found a sparkling altar of Nemelex Xobeh.
  4569 | D:5      | Found a transporter.
  4570 | D:5      | Noticed a wraith
  4571 | D:5      | Noticed a two-headed ogre
  4680 | D:5      | Reached skill level 5 in Fighting
  4680 | D:5      | Reached skill level 5 in Polearms
  4680 | D:5      | Reached skill level 5 in Dodging
  4680 | D:5      | Reached XP level 8. HP: 54/62 MP: 8/8
  4977 | D:5      | Identified the +0 chain mail of the Lonely Nights {Will+}
  5054 | D:5      | Found a shimmering altar of Xom.
  5145 | D:5      | Found a stormy altar of Qazlal.
  5728 | D:6      | Gained mutation: Potions are less effective at restoring
                  | your health. [potion of mutation]
  5728 | D:6      | Gained mutation: You expend magic power (3 MP) to
                  | strengthen your wands. [potion of mutation]
  5737 | D:6      | Slain by a wight

Illustrated notes

Levels and vault maps discovered:
D:1:      elethiomel_arrival_infinity_welcomes_careful_drivers, layout_rooms,
          serial_shops, nicolae_lakefront_shop, chequers_big_river,
          hangedman_decor_peaks_small, chequers_mini_garden,
          chequers_serial_rivers_room_b
D:2:      layout_basic, basic_altar, nicolae_shop_vocational
D:3:      layout_loops_corners, ebering_ecumenical_altar_mist, goddamned_bats
D:4:      layout_cave_pools, minmay_temple_entry_tees, uniq_blork_the_orc,
          uniq_crazy_yiuf_cottage
D:5:      layout_layer_cave, mainiacjoe_overflow_alcove_4, lemuel_round_altar,
          mainiacjoe_overflow_brackets, grunt_nemelex_the_gamble
D:6:      nicolae_cairo_tiling, layout_loops_ring, kennysheep_little_box,
          kennysheep_path_1
Temple:   nicolae_temple_two_arcs

Skill      XL: |  1  2  3  4  5  6  7 |
---------------+----------------------+-----
Armour         | 1 2 3 4 |  4.2
Polearms       | 3 4 5 |  5.2
Dodging        | 3 4 5 |  5.2
Fighting       | 3 4 5 |  5.1
Throwing       | |  1.7

Action                     |  1- 3 |  4- 6 |  7- 9 || total
---------------------------+-------+-------+-------++-------
  Melee: Trident           |   117 |   106 |   212 ||   435
         Punch             |     2 |     2 |     3 ||     7
  Throw: Throwing net      |       |     1 |     2 ||     3
    Use: Scroll            |     4 |     3 |     7 ||    14
         Potion            |       |     2 |     4 ||     6
   Stab: Sleeping          |     1 |     1 |     7 ||     9
         Held in net/web   |       |     1 |     1 ||     2
 Armour: Leather armour    |    17 |    15 |    54 ||    86
  Dodge: Dodged            |    55 |    53 |   144 ||   252
  Block: Other             |     1 |    14 |    53 ||    68
         Reflection        |       |     1 |     1 ||     2

Table legend: (Time is in decaauts)
 A = Elapsed time spent in this place.
 B = Non-inter-level travel time spent in this place.
 C = Inter-level travel time spent in this place.
 D = Time resting spent in this place.
 E = Time spent auto-exploring this place.
 F = Levels seen in this place.
 G = Mean time per level.
                   A        B        C        D        E       F      G
               +--------+--------+--------+--------+--------+-----+--------+
         Total |   5791 |   5684 |    107 |     33 |   4467 |   7 |  827.3 |
       Dungeon |   5583 |   5476 |    107 |     33 |   4311 |   6 |  930.5 |
        Temple |    208 |    208 |      0 |      0 |    156 |   1 |  208.0 |
               +--------+--------+--------+--------+--------+-----+--------+

Top non-repeatable levels by time:
     D:5: 1543 daAuts
     D:1: 1087 daAuts
     D:3: 1081 daAuts
     D:4: 970 daAuts
     D:2: 792 daAuts
  Temple: 208 daAuts
     D:6: 108 daAuts
